Map: Babylon LE

Players

STEVE

  • Race: Protoss Protoss
  • Spawn Location: 5:00

StarKnight - Winner!

  • Race: Zerg Zerg
  • Spawn Location: 11:00

VOD

Have the link to the VOD?

Description

Time

  • Played on: Jan. 27, 2023, 7:13 p.m.
  • Length: 10:58
Show
View Real Time Build Order
Export as new Build Order

STEVE Protoss 

Build Orders: Zealot Archon 

Get SALT Encoding   

  12  0:06  Probe  
  13  0:18  Probe  
  14  0:31  Probe  
  15  0:44  Assimilator  
  15  0:51  Pylon  
  15  1:09  Probe  
  15  1:10  Gateway  
  16  1:21  Probe  
  17  1:33  Assimilator, Probe  
  18  1:45  Probe  
  19  1:49  Nexus  
  19  2:01  Cybernetics Core  
  19  2:11  Probe  
  20  2:23  Probe  
  21  2:35  Probe  
  22  2:38  Warp Gate (Chrono Boost)  
  22  2:47  Probe  
  23  2:53  Pylon  
  23  3:10  Probe  
  24  3:20  Stalker  
  24  3:22  Probe  
  27  3:28  Pylon  
  27  3:30  Pylon  
  27  3:34  Probe  
  28  3:46  Probe  
  29  3:50  Stalker  
  31  3:58  Probe  
  32  4:04  Probe  
  33  4:10  Probe  
  33  4:17  Probe  
  35  4:23  Probe  
  36  4:27  Gateway  
  36  4:29  Gateway, Probe  
  36  4:30  Gateway  
  37  4:33  Gateway  
  37  4:35  Gateway  
  37  4:37  Gateway  
  37  4:39  Gateway x2  
  37  4:42  Gateway  
  37  5:25  Twilight Council  
  37  5:27  Pylon  
  37  5:42  Stalker  
  39  5:45  Stalker  
  39  5:46  Stalker x2  
  39  5:47  Stalker  
  39  5:48  Stalker  
  39  5:49  Stalker  
  51  6:07  Templar Archives  
  52  6:11  Probe  
  52  6:13  Probe  
  53  6:21  Assimilator  
  53  6:23  Probe  
  53  6:25  Assimilator, Probe  
  55  6:27  Stalker  
  55  6:29  Stalker x2  
  55  6:30  Stalker  
  55  6:31  Stalker  
  65  6:51  High Templar  
  65  6:53  High Templar  
  69  7:26  Archon  
  69  7:34  Probe  
  70  7:46  Pylon  
  70  7:47  Pylon  
  70  7:49  Pylon  
  70  7:53  Pylon  
  70  7:57  Pylon  
  70  8:03  Nexus  
  70  8:04  Probe x2  
  72  8:16  Probe x2  
  74  8:29  Probe x2  
  76  8:34  High Templar  
  76  8:35  High Templar  
  76  8:36  High Templar  
  76  8:37  High Templar  
  76  8:41  Probe  
  80  9:23  High Templar  
  81  9:24  High Templar  
  83  9:38  Archon  
  83  9:42  Archon  
  51  10:01  Stalker  
  51  10:02  Stalker x3  
  51  10:03  Stalker x2  
  47  10:45  Stalker  
  47  10:46  Stalker  
Show
View Real Time Build Order
Export as new Build Order

StarKnight Zerg - Winner!

Build Orders: Pool First 

Get SALT Encoding   

  12  0:01  Drone  
  13  0:09  Drone  
  14  0:19  Overlord  
  14  0:29  Overlord  
  14  0:41  Drone  
  14  0:42  Drone  
  16  0:55  Spawning Pool  
  15  0:59  Extractor  
  15  1:01  Drone x2  
  16  1:17  Drone  
  17  1:22  Drone  
  18  1:30  Drone  
  19  1:39  Drone  
  20  1:51  Zergling x2  
  21  2:03  Extractor  
  21  2:04  Drone  
  21  2:13  Zergling x2  
  22  2:17  Lair  
  22  2:26  Drone  
  23  2:47  Drone  
  24  2:54  Zergling x2  
  24  2:56  Drone  
  26  3:23  Hydralisk Den  
  26  3:26  Drone  
  26  3:30  Zergling x4  
  28  3:38  Drone  
  29  3:49  Spire  
  29  3:53  Hydralisk  
  30  4:00  Hatchery  
  29  4:05  Overlord  
  29  4:11  Drone  
  30  4:23  Overlord  
  30  4:44  Hatchery  
  29  4:48  Hydralisk x2  
  33  4:58  Hydralisk  
  35  5:12  Mutalisk  
  37  5:18  Mutalisk x2  
  41  5:25  Drone  
  42  5:50  Mutalisk x2  
  42  5:53  Extractor  
  42  5:55  Drone  
  42  5:56  Drone  
  47  5:59  Mutalisk  
  47  6:04  Drone  
  50  6:19  Drone  
  50  6:20  Drone  
  52  6:28  Mutalisk x2  
  56  6:36  Hydralisk  
  58  6:45  Overlord x2  
  58  6:51  Extractor  
  57  7:00  Overlord  
  57  7:06  Hydralisk x2  
  61  7:09  Mutalisk  
  61  7:14  Mutalisk  
  65  7:21  Drone x2  
  65  7:22  Drone  
  68  8:30  Mutalisk x3  
  68  8:32  Extractor  
  68  8:33  Mutalisk x3  
  79  9:00  Mutalisk  
  79  9:02  Overlord x2  
  68  9:36  Mutalisk  
  68  9:37  Mutalisk x2  
  68  10:18  Mutalisk  
  68  10:19  Mutalisk x2  
Tags
 
Composition
Zealot Archon
Matchup
PvZ
Opening
Pool First
Spawn Locations
Cross Positions
Add a new tag
Caveats
  • Supply blocks, unpowered buildings, or Contaminate may cause inaccurate times.
  • Supply counts are checked every 10 seconds.